 Dungeon Crawl Stone Soup version 0.15.1-2-g8fbdab7 (webtiles) character file.

1013 Johnny the Chiller (level 7, -4/57 HPs)
             Began as a Demigod Ice Elementalist on Oct 1, 2014.
             Killed from afar by Blork the orc (5 damage)
             ... with a magic dart
             ... on Level 7 of the Dungeon.
             The game lasted 00:14:00 (5381 turns).

Johnny the Chiller (Demigod Ice Elementalist)       Turns: 5381, Time: 00:14:01

HP  -4/57        AC  7     Str 12      XL: 7   Next: 69%
MP   3/6         EV 10     Int 21      God:
Gold 241         SH  0     Dex 18      Spells:  2 memorised,  8 levels left

rFire  . . .     SeeInvis .     y - +2 mace (antimagic)
rCold  . . .     Clarity  +     s - +0 ring mail
rNeg   . . .     rCorr    .     (no shield)
rPois  .         rRot     .     (no helmet)
rElec  .         Spirit   .     m - +0 cloak
SustAb .         Warding  .     z - +0 pair of gloves
rMut   .         Stasis   .     (no boots)
Gourm  .                        t - amulet of clarity
MR     .....                    (no ring)
                                (no ring)

@: lethally poisoned, very slightly contaminated, not resistant to hostile
enchantments, unstealthy
A: no striking features
a: no special abilities


You were on level 7 of the Dungeon.
You were not hungry.

You visited 1 branch of the dungeon, and saw 7 of its levels.

You collected 301 gold pieces.
You spent 60 gold pieces at shops.

Inventory:

Hand weapons
 g - a +0 dagger
 y - a +2 antimagic mace (weapon)
Armour
 m - a +0 cloak (worn)
 s - a +0 ring mail (worn)
 z - a +0 pair of gloves (worn)
Comestibles
 a - 2 beef jerkies
 c - 6 bread rations
 l - 3 meat rations
 n - a slice of pizza
 q - 2 fruits
Scrolls
 f - a scroll of recharging
 j - 3 scrolls of remove curse
 k - 2 scrolls of blinking
 o - 3 scrolls of magic mapping
 u - 3 scrolls of teleportation
Jewellery
 t - an amulet of clarity (around neck)
 v - an uncursed amulet of guardian spirit
 B - an uncursed amulet of stasis
Potions
 d - a potion of restore abilities {unknown}
 h - a potion of mutation
 i - 3 potions of curing
 p - a potion of agility
 r - 2 potions of flight
 w - a potion of poison {unknown}
 x - 2 potions of heal wounds {unknown}
Books
 b - a book of Frost

   Spells                             Type                      Level
   *Freeze                            Ice                          1
   Throw Frost                        Conjuration/Ice              2
   Ozocubu's Armour                   Charms/Ice                   3
   Throw Icicle                       Conjuration/Ice              4
   *Summon Ice Beast                  Ice/Summoning                4
   Condensation Shield                Ice                          4


   Skills:
 * Level 3.5 Fighting
 + Level 2.0 Armour
 * Level 3.9 Dodging
 + Level 3.1 Stealth
 * Level 3.6 Spellcasting
   Level 0.8 Conjurations
 * Level 2.1 Summonings
 * Level 4.4 Ice Magic


You had 8 spell levels left.
You knew the following spells:

 Your Spells              Type           Power        Failure   Level  Hunger
a - Freeze                Ice            ###.         3%          1    None
b - Summon Ice Beast      Ice/Summ       ###.....     52%         4    ####...


Dungeon Overview and Level Annotations

Branches:
Dungeon (7/15)             Temple (0/1) D:5

Shops:
D:5 (

Annotations:
D:7 Blork the orc


Message History

Blork the orc shouts!
The bat hits you but does no damage. The bat closely misses you.
You feel sick. The bat misses you.
A kobold comes into view.
Casting: Summon Ice Beast
Confirm with . or Enter, or press ? or * to list all spells.
Aiming: Freeze
Press: ? - help, Shift-Dir - straight line, f - bat
Aim: a bat You freeze the bat.
You kill the bat!
Blork the orc casts a spell at you. The magic dart hits you!
* * * LOW HITPOINT WARNING * * *
The killer bee stings you but does no damage.
You feel sick. The killer bee barely misses you. The killer bee stings you.
* * * LOW HITPOINT WARNING * * *
Blork the orc points at you and mumbles some strange words.
The magic dart hits you!
You die...

#################
#...............####
#.#..K...y.........#
#....#o.y#.###......#
##.#
##@##.....#......# #
#.######>....y#.# #.#
##.##.##.#. #.#
#..y#o# .< #.#
#.#.#..# ... ...
##.#...#.#.... ...
........o..# ...
.#.#..y#o#.... #..
....y ..o .#.


You could see Blork the orc, 2 killer bees and a kobold.

Vanquished Creatures
  The ghost of Chiseanne the Sneak, an average OpMo (D:3)
  A phantom (D:4)
  A black bear (D:3)
  An ogre (D:4)
  A giant frog (D:5)
  A crimson imp (D:5)
  An orc priest (D:3)
  A hound (D:4)
  3 orc wizards
  3 worker ants
  3 gnolls (D:5)
  A scorpion zombie (D:5)
  5 adders
  4 giant mites
  5 worms
  An adder skeleton (D:4)
  13 orcs
  A ball python (D:3)
  A bat skeleton (D:5)
  5 giant cockroaches
  9 hobgoblins
  10 kobolds
  3 quokkas
  13 bats
  4 giant geckos
  5 giant newts
  5 goblins
  5 jackals
  5 rats
  A rat zombie (D:5)
113 creatures vanquished.

Vanquished Creatures (others)
  An ice beast (D:6)
1 creature vanquished.

Grand Total: 114 creatures vanquished

Notes
Turn   | Place    | Note
--------------------------------------------------------------
     0 | D:1      | Johnny, the Demigod Ice Elementalist, began the quest for the Orb.
     0 | D:1      | Reached XP level 1. HP: 14/14 MP: 3/3
   390 | D:1      | Reached XP level 2. HP: 1/22 MP: 0/4
   653 | D:1      | Reached skill level 1 in Fighting
   962 | D:2      | Reached XP level 3. HP: 23/28 MP: 0/8
  1124 | D:2      | Found a bloodstained altar of Trog.
  1138 | D:2      | Reached skill level 3 in Ice Magic
  1225 | D:2      | Found a sparkling altar of Nemelex Xobeh.
  1844 | D:3      | Reached XP level 4. HP: 28/36 MP: 3/10
  2062 | D:3      | Noticed Chiseanne's ghost (average OpMo)
  2075 | D:3      | Killed Chiseanne's ghost
  2075 | D:3      | Reached XP level 5. HP: 28/42 MP: 1/13
  2139 | D:3      | Noticed a black bear
  2153 | D:3      | Killed a black bear
  2153 | D:3      | Reached skill level 1 in Armour
  2153 | D:3      | Reached XP level 6. HP: 10/50 MP: 4/16
  2159 | D:3      | Learned a level 4 spell: Summon Ice Beast
  2711 | D:3      | Found a sparkling altar of Nemelex Xobeh.
  2944 | D:3      | Reached skill level 4 in Ice Magic
  3492 | D:4      | Reached skill level 1 in Summonings
  3730 | D:4      | Reached XP level 7. HP: 45/56 MP: 0/18
  4352 | D:4      | Found Zin's Purification Station.
  4355 | D:4      | Found a glowing silver altar of Zin.
  4358 | D:4      | Bought a potion of curing for 60 gold pieces
  4481 | D:5      | Entered Level 5 of the Dungeon
  4540 | D:5      | Found a staircase to the Ecumenical Temple.
  5084 | D:5      | Found Kliczoax's Weapon Boutique.
  5376 | D:7      | Noticed Blork the orc
  5381 | D:7      | HP: 1/57 [killer bee (5)]
  5381 | D:7      | Killed from afar by Blork the orc

Action                   |  1- 3 |  4- 6 |  7- 9 || total
-------------------------+-------+-------+-------++-------
Melee: Unarmed           |    18 |       |       ||    18
       Dagger            |    56 |    42 |       ||    98
       Mace              |       |     8 |    86 ||    94
 Cast: Freeze            |    79 |    92 |    57 ||   228
       Summon Ice Beast  |       |       |     1 ||     1
  Use: Scroll            |       |     8 |     5 ||    13
       Potion            |       |     1 |       ||     1
 Stab: Sleeping          |     1 |     1 |     1 ||     3
       Distracted        |       |     1 |       ||     1
  Eat: Chunk             |     3 |     4 |     4 ||    11
       Royal jelly       |       |     1 |       ||     1
       Fruit             |       |     1 |       ||     1
       Pizza             |       |       |     1 ||     1
